 Dungeon Crawl Stone Soup version 0.25-a0-290-g4a1327ee3a (webtiles) character file.

Game seed: 5043307163104406059, levelgen mode: deterministic

2041 floatRand the Slasher (level 9, -3/64 HPs)
             Began as a Formicid Fighter on Dec 13, 2019.
             Was an Initiate of Nemelex Xobeh.
             Killed by divine providence
             ... invoked by an orc priest
              (12 damage)
             ... on level 7 of the Dungeon.
             The game lasted 00:08:01 (6640 turns).

floatRand the Slasher (Formicid Fighter)            Turns: 6640, Time: 00:08:01

Health: -3/64      AC: 11    Str: 21    XL:     9   Next: 48%
Magic:  10/10      EV: 13    Int:  8    God:    Nemelex Xobeh [......]
Gold:   388        SH: 11    Dex: 16    Spells: 8/8 levels left

rFire    + . .     SeeInvis +   d - +3 falchion "Imp's Death" {slice, rC+ Dex+3}
rCold    + . .     Gourm    .   c - +0 shield
rNeg     + . .     Faith    +   l - +2 ring mail {rF+}
rPois    .         Spirit   .   (helmet unavailable)
rElec    .         Reflect  .   (no cloak)
rCorr    .         Harm     .   (no gloves)
MR       .....                  y - +0 pair of boots
Stlth    +++.......             i - amulet of faith
HPRegen  0.20/turn              p - ring of positive energy
MPRegen  0.12/turn              A - +3 ring of protection

@: no status effects
A: permanent stasis, dig shafts and tunnels, four strong arms, antennae 3
a: Dig, Shaft Self, Draw Escape, Draw Destruction, Draw Summoning, Renounce
Religion


You were on level 7 of the Dungeon.
You worshipped Nemelex Xobeh.
Nemelex Xobeh was noncommittal.
You were not hungry.

You visited 2 branches of the dungeon, and saw 8 of its levels.
You also visited: Sewer.

You collected 388 gold pieces.

Inventory:

Hand Weapons
 a - a +0 long sword
 d - the +3 falchion "Imp's Death" (weapon) {slice, rC+ Dex+3}
   (You found it on level 4 of the Dungeon)

   It inflicts extra damage upon your enemies.
   It affects your dexterity (+3).
   It protects you from cold.
 q - a +2 mace of protection
Missiles
 g - 5 curare-tipped darts (quivered)
Armour
 b - a +0 scale mail
 c - a +0 shield (worn)
 l - a +2 ring mail of fire resistance (worn)
 o - a +1 plate armour
 y - a +0 pair of boots (worn)
Jewellery
 i - an amulet of faith (around neck)
 p - a ring of positive energy (left hand)
 A - a +3 ring of protection (right hand)
Wands
 e - a wand of flame (18)
 n - a wand of polymorph (8)
Scrolls
 k - 3 scrolls of amnesia
 m - a scroll of fog
 r - a scroll of enchant armour
 v - a scroll of enchant weapon
 w - 2 scrolls of identify
 z - a scroll of remove curse
Potions
 h - a potion of haste {unknown}
 j - 2 potions of brilliance {unknown}
 t - 2 potions of cancellation {unknown}
 u - 2 potions of curing {unknown}
Miscellaneous
 s - a sack of spiders
Comestibles
 f - 17 rations


   Skills:
 - Level 3.2 Fighting
 + Level 7.6 Long Blades
 - Level 3.2 Armour
 + Level 4.5 Dodging
 + Level 6.6 Stealth
 + Level 7.4 Shields
 + Level 1.6 Invocations


You had 8 spell levels left.
You didn't know any spells.
Your spell library was empty.

Dungeon Overview and Level Annotations

Branches:
Dungeon (7/15)             Temple (1/1) D:6           Sewer (visited)

Altars:
Ashenzari
Dithmenos
Elyvilon
Fedhas
Gozag
Nemelex Xobeh
Okawaru
Qazlal
Ru
Trog
Vehumet
Xom
Yredelemnul
Zin

Annotations:
D:4 2 runed translucent doors


Innate Abilities, Weirdness & Mutations

You cannot be hasted, slowed, berserked, paralysed or teleported.
You can dig through walls and to a lower floor.
Your four strong arms can wield two-handed weapons with a shield.
You have a pair of large antennae on your head. (SInv)


Message History

Things that are here:
a +0 short sword; 2 arrows You are too injured to fight recklessly!
You are too injured to fight recklessly!
You hit the orc warrior.
The orc warrior is moderately wounded.
The orc warrior hits you with a +0 battleaxe!
* * * LOW HITPOINT WARNING * * *
An orc comes into view. It is wielding a +0 whip.
You hit the orc warrior.
The orc warrior is moderately wounded.
The orc warrior barely misses you.
Unknown command.
Unknown command.
Items here: ( )) [[ a +0 club; a +0 leather armour; a +0 dagger; a cursed +0 robe; an arrow The orc priest calls down the wrath of Beogh upon you.
Beogh smites you!
You die...
Your body disappears without a glow.

##.#
#.####'# #
#..†(.o#.##
#####oJ...#
{ #oo##..#
#(## ...#
#o# ....
#)# #.{.
#@# ..# #.#
#.# #.# #.#
#.# #.# #.#
Z.#


You could see an orc warrior, an orc priest and 2 orcs.

Vanquished Creatures
  2 orc warriors
  An ice beast (D:6)
  An ogre (D:6)
  A sky beast (D:5)
  A phantom (D:4)
  A crocodile (Sewer)
  2 centaurs
  A water moccasin zombie (D:6)
  A scorpion (D:4)
  A howler monkey (D:6)
  2 crimson imps (D:6)
  A bullfrog zombie (D:6)
  A centaur zombie (D:4)
  4 orc priests
  A hound (D:4)
  2 jellies
  9 orc wizards
  A centaur skeleton (D:4)
  A bullfrog skeleton (D:4)
  3 iguanas
  6 worker ants
  A hound skeleton (D:4)
  10 adders
  2 shadow imps (D:5)
  An ooze (D:2)
  An adder zombie (D:6)
  4 worms
  6 leopard geckos
  21 orcs
  5 giant cockroaches
  11 goblins
  A hobgoblin (D:3)
  15 jackals
  3 quokkas
  2 ball pythons
  7 bats
  2 frilled lizards (D:2)
  A jackal skeleton (D:6)
  9 kobolds
  7 rats
152 creatures vanquished.

Notes
Turn   | Place    | Note
-------+----------+-------------------------------------------
     0 | D:1      | floatRand the Formicid Fighter began the quest for the Orb.
     0 | D:1      | Reached XP level 1. HP: 18/18 MP: 1/1
    75 | D:1      | Reached XP level 2. HP: 13/24 MP: 2/2
   262 | D:1      | Reached skill level 1 in Stealth
   339 | D:1      | Reached XP level 3. HP: 17/29 MP: 3/3
   761 | D:2      | Reached skill level 1 in Dodging
   773 | D:2      | Reached XP level 4. HP: 30/35 MP: 4/4
  1880 | D:3      | Reached XP level 5. HP: 41/41 MP: 5/5
  2244 | D:4      | Found a large runed translucent door.
  2244 | D:4      | Found a large runed translucent door.
  2249 | D:4      | Found a large runed translucent door.
  2249 | D:4      | Found a large runed translucent door.
  2386 | D:4      | Got a polished falchion
  2395 | D:4      | Identified the +3 falchion "Imp's Death" {slice, rC+ Dex+3}
                  | (You found it on level 4 of the Dungeon)
  2627 | D:4      | Noticed a phantom
  2649 | D:4      | Killed a phantom
  2649 | D:4      | Reached XP level 6. HP: 41/47 MP: 6/6
  2996 | D:4      | Reached skill level 5 in Shields
  3178 | D:4      | Reached XP level 7. HP: 42/52 MP: 7/7
  3511 | D:4      | Reached skill level 5 in Long Blades
  3701 | D:4      | Identified the cursed +3 whip of Malaise {slash, rF- rN+
                  | Str+10 Int+4 Dex-5}
  3832 | D:5      | Entered Level 5 of the Dungeon
  4263 | D:5      | Reached XP level 8. HP: 43/58 MP: 8/8
  4663 | D:5      | Found a blossoming altar of Fedhas.
  4685 | D:5      | Found a glowing silver altar of Zin.
  4816 | D:5      | Reached skill level 5 in Stealth
  5239 | D:6      | Found a glowing drain.
  5389 | Sewer    | Entered a sewer
  5777 | D:6      | Reached XP level 9. HP: 54/64 MP: 9/9
  6185 | D:6      | Found a staircase to the Ecumenical Temple.
  6220 | Temple   | Entered the Ecumenical Temple
  6418 | Temple   | Became a worshipper of Nemelex Xobeh the Trickster
  6581 | D:7      | Reached skill level 1 in Invocations
  6640 | D:7      | Killed from afar by an orc priest

Levels and vault maps discovered:
D:1:      dpeg_arrival_lava_altar, layout_rooms, minmay_tetromino_t2
D:2:      layout_rooms
D:3:      layout_loops_corners
D:4:      layout_gridville, first_ration, minmay_hollow_rounded_squares
D:5:      layout_gridville, lemuel_doored_altar, fedhas_ov_isle_minmay,
          corexii_corridor_pit
D:6:      layout_rooms, minmay_temple_entry_junction_2, gup_sewer_entry_glass,
          kennysheep_generic_room_16
D:7:      layout_rooms, overflow_temple_1_default, grunt_ministairs_14,
          grunt_ogre_cave, minmay_shop_damaged, minivault_22, minivault_22,
          uniq_pikel
Temple:   minmay_temple_curvy_branch

Skill      XL: |  1  2  3  4  5  6  7  8  9 |
---------------+----------------------------+-----
Stealth        | 1 2 3 4 5 6 |  6.6
Shields        | 4 5 6 7 |  7.4
Dodging        | 1 2 3 4 |  4.5
Long Blades    | 3 4 5 6 7 |  7.6
Invocations    | 1 |  1.6
Fighting       | |  3.2
Armour         | |  3.2

Action                   |  1- 3 |  4- 6 |  7- 9 || total
-------------------------+-------+-------+-------++-------
Melee: Long sword        |    98 |   160 |       ||   258
       Falchion          |       |    49 |   286 ||   335
  Use: Scroll            |       |     4 |     4 ||     8
       Potion            |       |     1 |       ||     1
 Stab: Sleeping          |       |       |     8 ||     8
  Eat: Chunk             |       |     7 |    12 ||    19
Armor: Scale mail        |    72 |    15 |       ||    87
       Plate armour      |       |    69 |     8 ||    77
       Ring mail         |       |       |    59 ||    59
Dodge: Dodged            |    51 |    51 |   110 ||   212
Block: Shield            |    66 |   101 |   122 ||   289
       Rpst.: Long sword |     8 |    13 |       ||    21
       Falchion          |       |     3 |    39 ||    42

Table legend:
 A = Non-vault XP
 B = Vault XP
 C = Vault XP percentage of total XP
 D = Non-vault monster count
 E = Vault monster count
 F = Vault count percentage of total count
                 A         B        C        D         E       F
            +---------+---------+-------+---------+---------+-------
      Total |    2552 |     364 |  12.5 |     128 |      24 |  15.8
            +---------+---------+-------+---------+---------+-------
        D:1 |      34 |       3 |   8.1 |      21 |       2 |   8.7
        D:2 |      88 |       0 |   0.0 |      19 |       0 |   0.0
        D:3 |      21 |       0 |   0.0 |      13 |       0 |   0.0
        D:4 |     606 |     174 |  22.3 |      23 |       9 |  28.1
        D:5 |     490 |       0 |   0.0 |      19 |       0 |   0.0
        D:6 |    1018 |      37 |   3.5 |      23 |       6 |  20.7
        D:7 |     295 |      32 |   9.8 |      10 |       1 |   9.1
      Sewer |       0 |     118 | 100.0 |       0 |       6 | 100.0
            +---------+---------+-------+---------+---------+-------
